 Dungeon Crawl Stone Soup version 0.21-a0-630-g344d351 (webtiles) character file.

2858 Firecrotchwizard the Cruncher (level 9, -9/79 HPs)
             Began as a Minotaur Gladiator on Dec 26, 2017.
             Was an Initiate of Okawaru.
             Mangled by a two-headed ogre
             ... wielding a cursed -1 giant spiked club
              (13 damage)
             ... on level 8 of the Dungeon.
             The game lasted 00:10:07 (5790 turns).

Firecrotchwizard the Cruncher (Minotaur Gladiator)  Turns: 5790, Time: 00:10:08

Health: -9/79      AC: 11    Str: 20    XL:     9   Next: 47%
Magic:  8/8        EV: 11    Int:  5    God:    Okawaru [......]
Gold:   407        SH:  0    Dex: 14    Spells: 8/8 levels left

rFire    . . .     SeeInvis .   a - +1 quarterstaff
rCold    . . .     Gourm    .   (shield currently unavailable)
rNeg     . . .     Faith    .   j - +0 chain mail
rPois    .         Spirit   .   c - +0 hat
rElec    .         Reflect  .   (no cloak)
rCorr    +         Harm     .   t - +0 pair of gloves
MR       .....                  (no boots)
Stlth    ..........             m - amulet of regeneration {@e1+regen, !d}
HPRegen  0.63/turn              x - +2 ring of slaying
MPRegen  0.11/turn              G - ring of resist corrosion

@: no status effects
A: retaliatory headbutt, horns 2
a: Renounce Religion


You were on level 8 of the Dungeon.
You worshipped Okawaru.
Okawaru was noncommittal.
You were not hungry.

You visited 2 branches of the dungeon, and saw 9 of its levels.

You collected 407 gold pieces.

Inventory:

Hand Weapons
 a - a +1 quarterstaff (weapon)
 B - a +2 dagger of pain
   (You took it off an orc wizard on level 7 of the Dungeon)
Missiles
 d - 3 throwing nets {=f, !d}
Armour
 c - a +0 hat (worn)
 j - a +0 chain mail (worn)
   (You took it off an orc on level 4 of the Dungeon)
 t - a +0 pair of gloves (worn)
   (You found it on level 3 of the Dungeon)
 C - a +0 scale mail of fire resistance
   (You took it off Edmund on level 5 of the Dungeon)
Jewellery
 g - an uncursed ring of flight {+Fly, !d}
   (You found it on level 3 of the Dungeon)
 m - an amulet of regeneration (around neck) {@e1+regen, !d}
   (You found it on level 2 of the Dungeon)
 o - an uncursed ring of fire {rF+, rC-}
   (You took it off a goblin on level 2 of the Dungeon)
 x - a +2 ring of slaying (left hand)
   (You found it on level 4 of the Dungeon)
 F - an uncursed ring of protection from fire {rF+, !d}
   (You found it on level 5 of the Dungeon)
 G - a ring of resist corrosion (right hand)
   (You took it off an orc wizard on level 5 of the Dungeon)
Wands
 q - a wand of disintegration (36) {@e1}
   (You found it on level 2 of the Dungeon)
 u - a wand of random effects (32)
   (You found it on level 3 of the Dungeon)
 y - a wand of enslavement (12)
   (You found it on level 4 of the Dungeon)
 D - a wand of scattershot (8)
   (You took it off a centaur on level 5 of the Dungeon)
 E - a wand of flame (24)
   (You found it on level 5 of the Dungeon)
Scrolls
 e - 4 scrolls of remove curse
 h - 5 scrolls of teleportation
 p - 2 scrolls of magic mapping {!r}
 r - 8 scrolls of identify
 v - a scroll of amnesia {unknown}
 w - a scroll of enchant armour {unknown}
 I - a scroll of fear {unknown}
Potions
 b - a potion of agility {unknown}
 i - 6 potions of curing
 l - 3 potions of might {unknown}
 n - a potion of mutation {unknown}
 s - a potion of cancellation {unknown}
 z - 2 potions of berserk rage {unknown}
 A - 2 potions of invisibility
 H - 2 potions of lignification {unknown}
 J - a potion of resistance {unknown}
Comestibles
 f - 15 rations {@e1}
 k - 8 chunks of flesh {@w0}


   Skills:
 + Level 7.4 Fighting
 * Level 10.5 Staves
 - Level 2.0 Throwing
 + Level 6.9 Armour
 + Level 7.2 Dodging


You had 8 spell levels left.
You didn't know any spells.

Dungeon Overview and Level Annotations

Branches:
Dungeon (8/15)             Temple (1/1) D:7
   Lair: D:8-11

Altars:
Ashenzari
Elyvilon
Hepliaklqana
Nemelex Xobeh
Okawaru
Ru
Sif Muna
Uskayaw
Wu Jian
Xom
Yredelemnul
Zin

Shops:
D:7 (   D:8 *


Innate Abilities, Weirdness & Mutations

You reflexively headbutt those who attack you in melee.
You have a pair of horns on your head.


Message History

You destroy the leopard gecko skeleton!
No target in view!
You now have 407 gold pieces (gained 8).
You open the door.
There is an open door here.
You open the door.
There is an open door here.
You open the door.
There is an open door here.
As you open the door, it creaks loudly!
There is an open door here.
You open the door.
There is an open door here.
r - 8 scrolls of identify (gained 1) Eating one of 9 chunks of flesh {@w0}.
You eat one of the 9 chunks of flesh {@w0}.
As you open the door, it creaks loudly!
Found a stone staircase leading down.
No target in view!
No target in view!
There is an open door here.
There is a stone staircase leading down here.
h - 5 scrolls of teleportation (gained 1)
e - 4 scrolls of remove curse (gained 1)
You open the door.
There is an open door here.
A worker ant comes into view.
The worker ant twitches its antennae in your direction.
A worker ant comes into view.
The worker ant barely misses you.
You sock the worker ant! You headbutt the worker ant! The worker ant bites you.
You take 1 damage, and have 78/79 hp.
You hit the worker ant but do no damage.
You headbutt the worker ant.
You kill the worker ant!
Okawaru accepts your kill.
Health restored: 79 You hit the worker ant.
You headbutt the worker ant.
The worker ant bites you but does no damage.
You hit the worker ant but do no damage.
You headbutt the worker ant!
You kill the worker ant!
Okawaru accepts your kill.
No target in view!
You open the door.
There is an open door here.
A crimson imp comes into view.
The crimson imp shouts!
The crimson imp blinks!
You sock the crimson imp! The crimson imp barely misses you.
You hit the crimson imp but do no damage.
You headbutt the crimson imp.
You kill the crimson imp!
Okawaru accepts your kill.
No target in view!
i - 7 potions of curing (gained 1)
You open the door.
Found Gaakhal's Assorted Antiques.
There is an open door here.
A two-headed ogre comes into view. It is wielding two giant spiked clubs.
The two-headed ogre shouts in stereo!
A leopard gecko comes into view.
There is a fountain of clear blue water here.
You sock the two-headed ogre!
The leopard gecko hisses menacingly.
You sock the two-headed ogre!
The two-headed ogre hits you with a giant spiked club!
The two-headed ogre closely misses you.
You take 9 damage, and have 70/79 hp.
You hit the two-headed ogre. You hit the two-headed ogre.
The two-headed ogre completely misses you.
The two-headed ogre hits you with a giant spiked club!!
You take 21 damage, and have 49/79 hp.
MASSIVE DAMAGE!!
You hit the two-headed ogre.
The two-headed ogre hits you with a giant spiked club! x2
* * * LOW HITPOINT WARNING * * *
You take 27 damage, and have 22/79 hp.
MASSIVE DAMAGE!!
You hit the two-headed ogre but do no damage.
You hit the two-headed ogre.
Your headbutt misses the two-headed ogre.
The two-headed ogre barely misses you. You furiously retaliate!
You headbutt the two-headed ogre.
The two-headed ogre hits you with a giant spiked club.
* * * LOW HITPOINT WARNING * * *
You take 5 damage, and have 18/79 hp.
Your chain mail prevents you from hitting the two-headed ogre.
You thump the two-headed ogre! You headbutt the two-headed ogre!
The two-headed ogre misses you.
The two-headed ogre hits you with a giant spiked club!
* * * LOW HITPOINT WARNING * * *
You take 16 damage, and have 3/79 hp.
MASSIVE DAMAGE!!
You feel better.
The two-headed ogre hits you with a giant spiked club!
* * * LOW HITPOINT WARNING * * *
The two-headed ogre hits you with a giant spiked club!
You die...

..###..##+#.##
...#.................
..#.....+.........#.
..#.....#.........#.
l#.....#.........#.
####8.8.8.#+#####..###
#....⌠.⌠..... ###..###
#...8O∩.8.... #....#..
#....@.⌠..... #....#..
+...8.8.8.... #....#..
#.......=.... #...#...
####'######## ##.#####
#....# ##.# #....#
#..# #....# #.##
##...# #.# ...#...####
#.#


You could see a two-headed ogre and a leopard gecko.

Vanquished Creatures
  Edmund (D:5)
  Duvessa (D:5)
  3 phantoms
  A sky beast (D:5)
  An ice beast (D:6)
  5 centaurs
  5 ogres
  A crocodile (D:7)
  2 bullfrogs
  3 scorpions
  Dowan (D:5)
  3 crimson imps
  A jelly (D:5)
  2 orc priests
  A bullfrog skeleton (D:6)
  2 iguanas
  8 orc wizards
  6 worker ants
  2 worker ant zombies
  2 gnolls (D:3)
  8 adders
  2 shadow imps
  3 adder skeletons
  7 worms
  3 dart slugs
  4 leopard geckos
  37 orcs
  8 bats
  4 giant cockroaches
  13 goblins
  10 hobgoblins
  6 jackals
  7 quokkas
  3 ball pythons
  6 frilled lizards
  A giant cockroach zombie (D:5)
  10 kobolds
  A leopard gecko skeleton (D:8)
  3 quokka skeletons
  A quokka zombie (D:5)
  14 rats
202 creatures vanquished.

Notes
Turn   | Place    | Note
-------+----------+-------------------------------------------
     0 | D:1      | Firecrotchwizard the Minotaur Gladiator began the quest for the Orb.
     0 | D:1      | Reached XP level 1. HP: 18/18 MP: 0/0
   212 | D:1      | Reached XP level 2. HP: 25/25 MP: 1/1
   252 | D:1      | Reached skill level 4 in Staves
   276 | D:1      | Reached skill level 1 in Armour
   656 | D:1      | Reached XP level 3. HP: 28/30 MP: 2/2
   872 | D:2      | Reached skill level 3 in Fighting
   929 | D:2      | Found a basalt altar of Yredelemnul.
  1136 | D:2      | Reached XP level 4. HP: 36/38 MP: 3/3
  1421 | D:3      | Found a shimmering altar of Xom.
  1437 | D:3      | Reached skill level 5 in Staves
  1437 | D:3      | Reached skill level 2 in Armour
  1442 | D:3      | Reached skill level 4 in Dodging
  1568 | D:3      | Found a shimmering altar of Xom.
  1570 | D:3      | Found a shimmering altar of Xom.
  1570 | D:3      | Found a shimmering altar of Xom.
  1570 | D:3      | Found a shimmering altar of Xom.
  1570 | D:3      | Found a shimmering altar of Xom.
  1693 | D:3      | Reached XP level 5. HP: 39/45 MP: 4/4
  1869 | D:3      | Found a shimmering altar of Xom.
  2011 | D:3      | Found a shimmering altar of Xom.
  2455 | D:4      | Reached skill level 4 in Fighting
  2455 | D:4      | Reached skill level 3 in Armour
  2455 | D:4      | Reached XP level 6. HP: 48/52 MP: 5/5
  2506 | D:4      | Reached skill level 6 in Staves
  2617 | D:4      | HP: 3/52 [ogre/giant spiked club (14)]
  3031 | D:5      | Entered Level 5 of the Dungeon
  3031 | D:5      | Noticed Edmund
  3031 | D:5      | Noticed a sky beast
  3041 | D:5      | Killed Edmund
  3041 | D:5      | Reached skill level 5 in Dodging
  3041 | D:5      | Reached XP level 7. HP: 59/60 MP: 6/6
  3044 | D:5      | Reached skill level 7 in Staves
  3044 | D:5      | Reached skill level 4 in Armour
  3211 | D:5      | Reached skill level 5 in Fighting
  3247 | D:5      | Reached XP level 8. HP: 69/69 MP: 7/7
  3297 | D:5      | Reached skill level 8 in Staves
  3531 | D:5      | Reached skill level 5 in Armour
  3651 | D:5      | Found a white marble altar of Elyvilon.
  3685 | D:5      | Noticed Duvessa
  3685 | D:5      | Noticed Dowan
  3691 | D:5      | Killed Dowan
  3691 | D:5      | Reached skill level 6 in Dodging
  3695 | D:5      | Reached skill level 6 in Fighting
  3703 | D:5      | Killed Duvessa
  3853 | D:5      | Reached skill level 9 in Staves
  4220 | D:6      | Found a sparkling altar of Nemelex Xobeh.
  4229 | D:6      | Reached skill level 6 in Armour
  4368 | D:6      | Reached XP level 9. HP: 49/78 MP: 8/8
  4564 | D:6      | Found a sacrificial altar of Ru.
  5201 | D:7      | Reached skill level 10 in Staves
  5203 | D:7      | Reached skill level 7 in Fighting
  5241 | D:7      | Reached skill level 7 in Dodging
  5317 | D:7      | Found Duas's Antique Weapon Shop.
  5523 | D:7      | Found a staircase to the Ecumenical Temple.
  5532 | Temple   | Entered the Ecumenical Temple
  5551 | Temple   | Became a worshipper of Warmaster Okawaru
  5776 | D:8      | Found Gaakhal's Assorted Antiques.
  5778 | D:8      | Noticed a two-headed ogre
  5787 | D:8      | HP: 18/79 [two-headed ogre/giant spiked club (5)]
  5789 | D:8      | HP: 3/79 [two-headed ogre/giant spiked club (16)]
  5790 | D:8      | Mangled by a two-headed ogre

Vault maps used:
D:1:      minmay_arrival_open_corners, st_stairs_10
D:2:      lemuel_round_altar, first_ration, minmay_goblin_kobold_house
D:3:      wad_woods_stonehenge, xom_redecorated
D:5:      lemuel_coloured_pillars_altar, uniq_edmund, uniq_duvessa
D:6:      nemelex_xobeh_ov_fountains_minmay, basic_altar
D:7:      minmay_temple_entry_mist, serial_shops, shop
D:8:      lemuel_zombie_altar_kikubaaqudgha, minmay_lair_entry_lava,
          serial_shops, nicolae_shop_temple_entry_statues_fountains,
          hangedman_pestilent_swarm
Temple:   eino_temple_rhombus

Skill      XL: |  1  2  3  4  5  6  7  8  9 |
---------------+----------------------------+-----
Staves         | 4 5 6 7 9 10 | 10.5
Armour         | 1 2 3 4 6 |  6.9
Fighting       | 3 4 5 6 7 |  7.4
Dodging        | 4 5 6 7 |  7.2
Throwing       | |  2.0

Action                   |  1- 3 |  4- 6 |  7- 9 || total
-------------------------+-------+-------+-------++-------
Melee: Quarterstaff      |    87 |   152 |   243 ||   482
       Headbutt          |    19 |    29 |    56 ||   104
Evoke: Wand              |       |     2 |       ||     2
  Use: Scroll            |     3 |     4 |       ||     7
       Potion            |       |     1 |     1 ||     2
  Eat: Chunk             |     1 |     6 |     9 ||    16
Armor: Leather armour    |    16 |       |       ||    16
       Ring mail         |     4 |    26 |       ||    30
       Chain mail        |       |    19 |    67 ||    86
       Scale mail        |       |       |     6 ||     6
Dodge: Dodged            |    79 |    75 |   111 ||   265

Table legend:
 A = Spawn XP
 B = Non-spawn XP
 C = Spawn XP percentage of total XP
 D = Spawn monster count
 E = Non-spawn monster count
 F = Spawn count percentage of total count
 G = Total turns spent on level
                    A         B        C        D         E        F      G
               +---------+---------+-------+---------+---------+-------+---------
         Total |       0 |    4084 |   0.0 |       0 |     202 |   0.0 |  5790
               +---------+---------+-------+---------+---------+-------+---------
           D:1 |       0 |      41 |   0.0 |       0 |      24 |   0.0 |   772
           D:2 |       0 |      58 |   0.0 |       0 |      32 |   0.0 |   619
           D:3 |       0 |     135 |   0.0 |       0 |      36 |   0.0 |   819
           D:4 |       0 |     440 |   0.0 |       0 |      23 |   0.0 |   821
           D:5 |       0 |    1639 |   0.0 |       0 |      36 |   0.0 |   971
           D:6 |       0 |     909 |   0.0 |       0 |      26 |   0.0 |  1147
           D:7 |       0 |     502 |   0.0 |       0 |      15 |   0.0 |   414
           D:8 |       0 |     360 |   0.0 |       0 |      10 |   0.0 |   191
               +---------+---------+-------+---------+---------+-------+---------

Vault maps used:
D:1:      minmay_arrival_open_corners, st_stairs_10
D:2:      lemuel_round_altar, first_ration, minmay_goblin_kobold_house
D:3:      wad_woods_stonehenge, xom_redecorated
D:5:      lemuel_coloured_pillars_altar, uniq_edmund, uniq_duvessa
D:6:      nemelex_xobeh_ov_fountains_minmay, basic_altar
D:7:      minmay_temple_entry_mist, serial_shops, shop
D:8:      lemuel_zombie_altar_kikubaaqudgha, minmay_lair_entry_lava,
          serial_shops, nicolae_shop_temple_entry_statues_fountains,
          hangedman_pestilent_swarm
Temple:   eino_temple_rhombus

Table legend:
 A = Turns spent in this place as a percentage of turns spent in the entire game.
 B = Non-inter-level travel turns spent in this place as a percentage of non-inter-level travel turns spent in the entire game.
 C = Inter-level travel turns spent in this place as a percentage of turns spent in this place.
 D = Turns resting spent in this place as a percentage of non-inter-level travel turns spent in this place.
 E = Turns spent auto-exploring this place as a percentage of non-inter-level travel turns spent in this place.
 F = Non-inter-level travel turns spent in this place divided by the number of levels of this place that you've seen.
                   A       B       C       D       E      F
               +-------+-------+-------+-------+-------+----------------------
         Total | 100.0 | 100.0 |   3.7 |  15.2 |  66.1 | 619.6
       Dungeon |  99.4 |  99.6 |   3.4 |  15.3 |  66.1 | 694.5
        Temple |   0.6 |   0.4 |  44.4 |   0.0 |  50.0 |  20.0
               +-------+-------+-------+-------+-------+----------------------

Table legend:
 A = Kills in this place as a percentage of kills in entire the game.
 B = Kills by you in this place as a percentage of kills by you in the entire game.
 C = Kills by friends in this place as a percentage of kills by friends in the entire game.
 D = Other kills in this place as a percentage of other kills in the entire game.
 E = Experience gained in this place as a percentage of experience gained in the entire game.
 F = Experience gained in this place divided by the number of levels of this place that you have seen.
                   A       B       C       D       E      F
               +-------+-------+-------+-------+-------+----------------------
         Total | 100.0 | 100.0 |   N/A |   N/A | 100.0 | 453.8
       Dungeon | 100.0 | 100.0 |   N/A |   N/A | 100.0 | 510.5
               +-------+-------+-------+-------+-------+----------------------
